 Dungeon Crawl Stone Soup version 0.28-a0-48-gfd831c5874 (webtiles) character file.

Game seed: 2119901297189691727

2 flotson the Sneak (level 1, 0/18 HPs)
             Began as a Demonspawn Delver on July 30, 2021.
             Succumbed to a kobold brigand's poison
             ... on level 5 of the Dungeon.
             The game lasted 00:00:22 (39 turns).

flotson the Sneak (Demonspawn Delver)                 Turns: 39, Time: 00:00:23

Health: 0/18       AC:  3    Str: 12    XL:     1   Next: 25%
Magic:  1/1        EV: 11    Int: 11    God:
Gold:   0          SH:  0    Dex: 14    Spells: 0/0 levels left

rFire   . . .      SeeInvis .   a - +0 war axe
rCold   . . .      Faith    .   (no shield)
rNeg    . . .      Spirit   .   b - +0 leather armour
rPois   .          Reflect  .   (no helmet)
rElec   .          Harm     .   (no cloak)
rCorr   .          Rampage  .   (no gloves)
Will    .....                   (no boots)
Stlth   +++.......              (no amulet)
HPRegen 0.06/turn               (no ring)
MPRegen 0.07/turn               (no ring)

@: lethally poisoned (0 -> -3), hasted, very quick
A: no striking features
a: no special abilities


You were on level 5 of the Dungeon.
You visited 1 branch of the dungeon, and saw 1 of its levels.

Inventory:

Hand Weapons
 a - a +0 war axe (weapon)
Armour
 b - a +0 leather armour (worn)
Wands
 g - a wand of digging (3)
Scrolls
 c - a scroll of fog
 d - a scroll of magic mapping
 e - a scroll of fear
 h - a scroll of enchant armour {unknown}


   Skills:
 + Level 3.0 Fighting
 + Level 1.7 Axes
 + Level 1.7 Dodging
 + Level 4.6 Stealth


You couldn't memorise any spells.
You didn't know any spells.
Your spell library was empty.

Dungeon Overview and Level Annotations

Branches:
Dungeon (5/15)
 Temple: D:4-7

Altars:

Portals:
Sewer: D:5


Message History

You see here a +0 war axe.
i - a +0 war axe (weapon)
Drop what? 9/52 slots (_ for help) (? for menu, Esc to quit)
You drop a +0 hand axe.
Adjust to which letter? (? for menu, Esc to quit)
a - a +0 war axe (weapon)
Found a glowing drain. 3 kobolds and a kobold brigand come into view.
The kobold brigand is wielding a +2 short sword of speed and quivering poisoned darts.
The kobold brigand shouts!
The kobold shouts! x2; You hear a shout!
You hit the kobold.
You kill the kobold!
You hear a shout!
A kobold comes into view.
It is wielding a +2 whip of electrocution and quivering poisoned darts.
You feel yourself speed up.
A kobold comes into view. It is wielding a +0 short sword.
The kobold brigand throws a poisoned dart.
The poisoned dart hits you!
You are poisoned.
A rat comes into view.
You feel sick. The kobold hits you with a +0 club.
You see here a +0 club.
You aren't carrying any potions.
You closely miss the kobold.
You hit the kobold brigand but do no damage.
You feel sick.
The kobold brigand hits you with a +2 short sword of speed.
The kobold hits you with a +0 club. The kobold brigand barely misses you.
You hit the kobold.
You kill the kobold!
You closely miss the kobold brigand. The kobold brigand misses you.
You miss the kobold. You closely miss the kobold brigand.
You feel sick.
The kobold brigand hits you but does no damage.
The kobold barely misses you.
The kobold brigand hits you with a +2 short sword of speed.
* * * LOW HITPOINT WARNING * * *
You slash the kobold!
You kill the kobold!
You closely miss the kobold brigand.
You die...

## ..
####K#..##
#.@KK.....
#.#)#####.
#.#r≈r≈≈#
##.#rB≈≈≈#
#..#≈≈∩≈r#
#..#≈S≈≈≈#
#..#######
##.........
#......####


You could see a kobold brigand, a giant cockroach, a ball python (asleep), 2
kobolds and 4 rats.

Vanquished Creatures
  3 kobolds (D:5)
3 creatures vanquished.

Notes
Turn   | Place    | Note
-------+----------+-------------------------------------------
     0 | D:5      | flotson the Demonspawn Delver began the quest for the Orb.
     0 | D:5      | Reached XP level 1. HP: 18/18 MP: 1/1
    31 | D:5      | Found a glowing drain.
    32 | D:5      | Noticed a kobold brigand
    39 | D:5      | Succumbed to a kobold brigand's poison

Illustrated notes

Levels and vault maps discovered:
D:5:      layout_loops_ring, nicolae_overflow_crystal_walls, serial_shops,
          nicolae_shop_competitors_out_of_business, portal_sewer_entry_c

Action                   || total
-------------------------++-------
Melee: War axe           ||     5
  Use: Potion            ||     1
Armor: Leather armour    ||     1
Dodge: Dodged            ||     3

Table legend: (Time is in decaauts)
 A = Elapsed time spent in this place.
 B = Non-inter-level travel time spent in this place.
 C = Inter-level travel time spent in this place.
 D = Time resting spent in this place.
 E = Time spent auto-exploring this place.
 F = Levels seen in this place.
 G = Mean time per level.
                   A        B        C        D        E       F      G
               +--------+--------+--------+--------+--------+-----+--------+
         Total |     38 |     38 |      0 |      0 |     24 |   1 |   38.0 |
       Dungeon |     38 |     38 |      0 |      0 |     24 |   1 |   38.0 |
               +--------+--------+--------+--------+--------+-----+--------+

Top non-repeatable levels by time:
     D:5: 38 daAuts
